 Dungeon Crawl Stone Soup version 0.27-a0-1139-g28e009f8a6 (webtiles) character file.

Game seed: 62307744699593629

3 Anon1729 the Skirmisher (level 1, 0/18 HPs)
             Began as a Formicid Berserker on May 7, 2021.
             Succumbed to an adder's poison
             ... on level 2 of the Dungeon.
             The game lasted 00:00:59 (565 turns).

Anon1729 the Skirmisher (Formicid Berserker)         Turns: 565, Time: 00:00:59

Health: 0/18       AC:  2    Str: 21    XL:     1   Next: 55%
Magic:  1/1        EV: 12    Int:  6    God:
Gold:   27         SH:  0    Dex: 10    Spells: 0/0 levels left

rFire    . . .     SeeInvis +   a - +0 falchion
rCold    . . .     Faith    .   (no shield)
rNeg     . . .     Spirit   .   b - +0 animal skin
rPois    .         Reflect  .   (helmet unavailable)
rElec    .         Harm     .   (no cloak)
rCorr    .         Rampage  .   (no gloves)
Will     .....                  (no boots)
Stlth    +.........             (no amulet)
HPRegen  0.06/turn              (no ring)
MPRegen  0.07/turn              (no ring)

@: lethally poisoned (0 -> -8)
A: permanent stasis, dig shafts and tunnels, antennae 3, four strong arms
a: Dig, Shaft Self


You were on level 2 of the Dungeon.
You visited 1 branch of the dungeon, and saw 2 of its levels.

You collected 27 gold pieces.

Inventory:

Hand Weapons
 a - a +0 falchion (weapon)
Armour
 b - a +0 animal skin (worn)
Scrolls
 c - a scroll of identify {unknown}


   Skills:
 + Level 3.3 Fighting
 * Level 3.0 Long Blades
 + Level 2.2 Armour
 + Level 1.8 Dodging


You couldn't memorise any spells.
You didn't know any spells.
Your spell library was empty.

Dungeon Overview and Level Annotations

Branches:
Dungeon (1/15)

Altars:

Shops:
D:2 (


Innate Abilities, Weirdness & Mutations

You cannot be hasted, slowed, berserked, paralysed or teleported.
You can dig through walls and to a lower floor.
You have a pair of large antennae on your head. (SInv)
Your four strong arms can wield two-handed weapons with a shield.


Message History

You are too injured to fight recklessly!
You are too injured to fight recklessly!
You barely miss the quokka.
The quokka is severely wounded.
The quokka closely misses you.
You riposte.
You hit the quokka.
You kill the quokka!
You start resting.
You sense a monster nearby.
An adder comes into view.
You hit the adder.
The adder is lightly wounded.
The adder barely misses you.
You riposte.
You hit the adder.
The adder is heavily wounded.
You closely miss the adder.
The adder is heavily wounded.
The adder bites you. The adder barely misses you.
You riposte.
You closely miss the adder.
The adder is heavily wounded.
You hit the adder but do no damage.
The adder is heavily wounded.
The adder bites you.
You miss the adder.
The adder is heavily wounded.
The adder bites you. x2
You are poisoned.
The adder poisons you!
You hit the adder.
The adder is heavily wounded.
You feel sick. The adder bites you.
* * * LOW HITPOINT WARNING * * *
You are more poisoned.
The adder poisons you!
You aren't carrying any potions.
You hit the adder.
The adder is severely wounded.
* * * LOW HITPOINT WARNING * * *
You feel sick. The adder closely misses you. The adder barely misses you.
You hit the adder.
You kill the adder!
You die...

###. ###### ..#.
##.....# ### #.#.
#....P.# #.# #.#.
#..P∩..##.#.# #.#.
#.......#.#.# #.#.
#.......#.#.###.#.
#†##.#..#.#...†...
#@...#.##.#..##.#.
####.#.##.#.....#.
#.#.##.##.####.
#............#.
###....#######.
#....{{........
#.#############
... ###


There were no monsters in sight!

Vanquished Creatures
  An adder (D:2)
  A giant cockroach (D:2)
  A quokka (D:2)
  A rat (D:2)
4 creatures vanquished.

Vanquished Creatures (others)
  2 plants (D:2)
2 creatures vanquished.

Grand Total: 6 creatures vanquished

Notes
Turn   | Place    | Note
-------+----------+-------------------------------------------
     0 | D:1      | Anon1729 the Formicid Berserker began the quest for the
                  | Orb.
     0 | D:1      | Reached XP level 1. HP: 18/18 MP: 1/1
     0 | D:1      | Fell from the grace of Trog
    82 | D:1      | You fall into a shaft and drop 1 floor!
   394 | D:2      | Found Litzoc's Antique Weapon Shoppe.
   565 | D:2      | Succumbed to an adder's poison

Illustrated notes

Levels and vault maps discovered:
D:1:      enne_arrival_octagon_isle, layout_basic,
          chequers_ecumenical_altar_lobes
D:2:      layout_basic, serial_shops, nicolae_shop_overgrown_old_shop,
          basic_altar

Action                   || total
-------------------------++-------
Melee: Falchion          ||    26
Invok: Renounce Religion ||     1
 Abil: Shaft Self        ||     1
Armor: Animal skin       ||     3
Dodge: Dodged            ||    19
       Rpst.: Falchion   ||     5

Table legend: (Time is in decaauts)
 A = Elapsed time spent in this place.
 B = Non-inter-level travel time spent in this place.
 C = Inter-level travel time spent in this place.
 D = Time resting spent in this place.
 E = Time spent auto-exploring this place.
 F = Levels seen in this place.
 G = Mean time per level.
                   A        B        C        D        E       F      G
               +--------+--------+--------+--------+--------+-----+--------+
         Total |    571 |    571 |      0 |    399 |     81 |   2 |  285.5 |
       Dungeon |    571 |    571 |      0 |    399 |     81 |   2 |  285.5 |
               +--------+--------+--------+--------+--------+-----+--------+

Top non-repeatable levels by time:
     D:2: 485 daAuts
     D:1: 86 daAuts
